 Dungeon Crawl Stone Soup version 0.19.0-20-gbc5f0c6 (webtiles) character file.

349 Monsterracer the Cleaver (level 6, 0/52 HPs)
             Began as a Hill Orc Fighter on Nov 16, 2016.
             Was a Follower of Elyvilon.
             Slain by a gnoll
             ... wielding a +0 halberd
              (8 damage)
             ... on level 3 of the Dungeon.
             The game lasted 00:06:28 (1728 turns).

Monsterracer the Cleaver (Hill Orc Fighter)         Turns: 1728, Time: 00:06:29

Health: 0/52       AC:  7    Str: 24    XL:     6   Next: 60%
Magic:  6/6        EV:  8    Int:  8    God:    Elyvilon [*.....]
Gold:   276        SH:  9    Dex: 12    Spells: 1 memorised, 4 levels left

rFire  . . .     SeeInvis .     a - +0 war axe
rCold  . . .     Gourm    .     p - +0 ring mail (curse)
rNeg   . . .     Faith    .     c - +0 shield
rPois  .         Spirit   .     (no helmet)
rElec  .         Reflect  .     (no cloak)
rCorr  .         Harm     .     b - +0 pair of gloves (curse)
MR     .....                    (no boots)
Stlth  +.........               (no amulet)
                                (no ring)
                                h - +5 ring of strength

@: lethally poisoned (0 -> -10)
A: no striking features
a: Lesser Healing, Divine Protection, Renounce Religion


You were on level 3 of the Dungeon.
You worshipped Elyvilon.
Elyvilon was aware of your devotion.
You were not hungry.

You visited 1 branch of the dungeon, and saw 3 of its levels.

You collected 276 gold pieces.

Inventory:

Hand Weapons
 a - a +0 war axe (weapon)
Armour
 b - a cursed +0 pair of gloves (worn)
 c - a +0 shield (worn)
 e - a +0 chain mail
 p - a cursed +0 ring mail (worn)
Jewellery
 h - a +5 ring of strength (left hand)
Scrolls
 d - a scroll of recharging {unknown}
 i - a scroll of fog {unknown}
 j - a scroll of amnesia {unknown}
 k - a scroll of immolation {unknown}
 l - a scroll of identify {unknown}
 n - a scroll of random uselessness {unknown}
 o - a scroll of magic mapping {unknown}
 q - a scroll of fear {unknown}
 t - a scroll of noise {unknown}
 u - a scroll of blinking {unknown}
Potions
 v - a potion of might
Books
 m - a book of Cantrips

   Spells                             Type                      Level
   a - Confusing Touch                Hexes                        1
   b - Animate Skeleton               Necromancy                   1
   c - Summon Small Mammal            Summoning                    1
   d - Apportation                    Translocation                1
Comestibles
 f - 5 bread rations
 g - a beef jerky
 s - a meat ration


   Skills:
 + Level 4.0 Fighting
 * Level 8.3 Axes
 + Level 3.8 Armour
 - Level 3.2 Shields
 + Level 1.1 Invocations


You had 4 spell levels left.
You knew the following spells:

 Your Spells              Type           Power        Failure   Level  Hunger
a - Apportation           Tloc           #.........   100%        1    ##.....


Dungeon Overview and Level Annotations

Branches:
Dungeon (3/15)

Altars:
Elyvilon
Gozag


Message History

The gnoll hits you with a halberd of venom.
You are more poisoned.
You hit the gnoll.
The gnoll is moderately wounded.
You feel sick. You block the gnoll's attack.
You slash the gnoll!
You kill the gnoll!
You feel sick. You block the gnoll's attack.
You feel sick. You block the gnoll's attack.
Things that are here:
a halberd of venom; a gnoll corpse You hit the gnoll.
The gnoll is moderately wounded.
You feel sick. The gnoll hits you with a halberd!
* * * LOW HITPOINT WARNING * * *
You completely miss the gnoll.
The gnoll is moderately wounded.
* * * LOW HITPOINT WARNING * * *
You feel sick. The gnoll hits you with a halberd!
You die...

#.#...............
#.###+#######.....
.#######.# #.....
.........###+####
#.....
.................
#.....
........)........
#..#..
.................
#.....
.######.†........
+..... #.@........
#..... #.g........
#..... ............
#.....
...?..#+#+#######.....
........# .........
........# #.....##'#
........# #..... #.#
........+ #.....##.#
#######...


You could see a gnoll.

Vanquished Creatures
  The ghost of Quirk the Chopper, an amateur HOFi (D:3)
  An ice beast (D:3)
  3 adders
  2 gnolls (D:3)
  An ooze (D:1)
  4 worms (D:2)
  A dart slug (D:1)
  2 leopard geckos
  10 giant cockroaches
  4 goblins
  3 hobgoblins
  2 jackals (D:3)
  2 kobolds (D:1)
  A quokka (D:2)
  8 bats
  3 frilled lizards
  8 rats
56 creatures vanquished.

Notes
Turn   | Place    | Note
-------+----------+-------------------------------------------
     0 | D:1      | Monsterracer the Hill Orc Fighter began the quest for the Orb.
     0 | D:1      | Reached XP level 1. HP: 19/19 MP: 1/1
    12 | D:1      | Reached skill level 3 in Axes
   117 | D:1      | Reached XP level 2. HP: 19/26 MP: 2/2
   200 | D:1      | Reached skill level 4 in Axes
   594 | D:1      | Reached XP level 3. HP: 31/31 MP: 3/3
   762 | D:2      | Reached skill level 5 in Axes
   774 | D:2      | Learned a level 1 spell: Apportation
   931 | D:2      | Found an opulent altar of Gozag.
   978 | D:2      | Reached XP level 4. HP: 27/39 MP: 4/4
  1150 | D:3      | Found a faded altar of an unknown god.
  1165 | D:3      | Became a worshipper of Elyvilon the Healer
  1165 | D:3      | Reached * piety under Elyvilon
  1165 | D:3      | Noticed Quirk's ghost (amateur HOFi)
  1175 | D:3      | Killed Quirk's ghost
  1175 | D:3      | Reached skill level 7 in Axes
  1175 | D:3      | Reached XP level 5. HP: 20/45 MP: 5/5
  1405 | D:3      | Reached XP level 6. HP: 52/52 MP: 6/6
  1576 | D:3      | Noticed an ice beast
  1588 | D:3      | Killed an ice beast
  1588 | D:3      | Reached skill level 8 in Axes
  1588 | D:3      | Reached skill level 1 in Invocations
  1728 | D:3      | Slain by a gnoll

Skill      XL: |  1  2  3  4  5  6 |
---------------+-------------------+-----
Axes           | 3 4 5 7 8 |  8.3
Invocations    | 1 |  1.1
Fighting       | 4 |  4.0
Armour         | |  3.8
Shields        | |  3.2

Action                   |  1- 3 |  4- 6 || total
-------------------------+-------+-------++-------
Melee: War axe           |    99 |    67 ||   166
  Use: Potion            |     4 |     2 ||     6
  Eat: Chunk             |       |     3 ||     3
Armor: Chain mail        |    52 |       ||    52
       Scale mail        |     2 |       ||     2
       Ring mail         |     2 |    20 ||    22
Dodge: Dodged            |    22 |    24 ||    46
Block: Shield            |    44 |    44 ||    88
